 Dungeon Crawl Stone Soup version 0.20-a0-382-g289d6af (webtiles) character file.

1453 Da5id the Cleaver (level 8, -3/66 HPs)
             Began as a Hill Orc Fighter on Dec 28, 2016.
             Was an Elder of Uskayaw.
             Slain by a spriggan baker
             ... wielding a +0 dagger
              (10 damage)
             ... on level 7 of the Dungeon.
             The game lasted 00:06:18 (5428 turns).

Da5id the Cleaver (Hill Orc Fighter)                Turns: 5428, Time: 00:06:19

Health: -3/66      AC: 14    Str: 26    XL:     8   Next: 76%
Magic:  8/9        EV: 10    Int:  8    God:    Uskayaw [****..]
Gold:   475        SH:  0    Dex: 10    Spells: 7/7 levels left

rFire  . . .     SeeInvis .     J - +0 battleaxe
rCold  . . .     Gourm    .     D - +0 ring mail (curse)
rNeg   . . .     Faith    .     (shield currently unavailable)
rPois  .         Spirit   .     A - +2 helmet
rElec  .         Reflect  .     G - +1 cloak {MR+}
rCorr  .         Harm     .     j - +2 pair of gloves
MR     +....                    (no boots)
Stlth  ..........               (no amulet)
                                (no ring)
                                F - ring of flight

@: mighty
A: no striking features
a: Stomp, Line Pass, Renounce Religion, Evoke Flight


You were on level 7 of the Dungeon.
You worshipped Uskayaw.
Uskayaw was noncommittal.
You were hungry.

You visited 2 branches of the dungeon, and saw 8 of its levels.

You collected 475 gold pieces.

Inventory:

Hand Weapons
 a - a +0 war axe
 J - a +0 battleaxe (weapon)
Armour
 c - a +0 shield
 j - a +2 pair of gloves (worn)
 A - a +2 helmet (worn)
 D - a cursed +0 ring mail (worn)
 G - a +1 cloak of magic resistance (worn)
Magical Staves
 I - an uncursed staff of earth {unknown}
Jewellery
 b - an uncursed ring of fire
 z - an uncursed ring of ice
 F - a ring of flight (left hand)
 M - an uncursed ring of ice
Wands
 E - a wand of acid (10/15)
 K - a wand of polymorph (8/24)
 N - a wand of iceblast (5/15)
Scrolls
 e - a scroll of magic mapping {unknown}
 l - 6 scrolls of identify {unknown}
 o - a scroll of enchant weapon {unknown}
 p - 3 scrolls of remove curse {unknown}
 s - 2 scrolls of enchant armour {unknown}
 u - a scroll of noise {unknown}
 w - 2 scrolls of fog {unknown}
 y - a scroll of blinking {unknown}
 H - a scroll of amnesia {unknown}
 P - a scroll of random uselessness {unknown}
Potions
 i - a potion of brilliance {unknown}
 n - a potion of magic {unknown}
 q - 3 potions of curing {unknown}
 v - a potion of degeneration {unknown}
 x - 2 potions of cure mutation {unknown}
 B - a potion of berserk rage {unknown}
 C - a potion of haste
 O - a potion of agility {unknown}
Books
 h - a book of Air

   Spells                             Type                      Level
   a - Shock                          Conjuration/Air              1
   b - Swiftness                      Charms/Air                   2
   c - Repel Missiles                 Charms/Air                   2
   d - Static Discharge               Conjuration/Air              3
   e - Lightning Bolt                 Conjuration/Air              5
 r - a book of Minor Magic

   Spells                             Type                      Level
   a - Magic Dart                     Conjuration                  1
   b - Blink                          Translocation                2
   c - Call Imp                       Summoning                    2
   d - Repel Missiles                 Charms/Air                   2
   e - Slow                           Hexes                        2
   f - Conjure Flame                  Conjuration/Fire             3
   g - Mephitic Cloud                 Conjuration/Poison/Air       3
 t - a book of Necromancy

   Spells                             Type                      Level
   a - Pain                           Necromancy                   1
   b - Animate Skeleton               Necromancy                   1
   c - Vampiric Draining              Necromancy                   3
   d - Regeneration                   Charms/Necromancy            3
   e - Animate Dead                   Necromancy                   4
   f - Control Undead                 Necromancy                   4
Comestibles
 f - 4 bread rations
 g - 7 meat rations
 k - 2 beef jerkies
 m - 5 fruits
 L - 2 slices of pizza


   Skills:
 + Level 4.1 Fighting
 + Level 13.1 Axes
 - Level 3.2 Armour
 - Level 3.2 Shields
 + Level 2.0 Invocations


You had 7 spell levels left.
You didn't know any spells.

Dungeon Overview and Level Annotations

Branches:
Dungeon (7/15)             Temple (1/1) D:6

Altars:
Ashenzari
Cheibriados
Dithmenos
Elyvilon
Fedhas
Kikubaaqudgha
Nemelex Xobeh
Okawaru
Sif Muna
Trog
Uskayaw
Vehumet
Xom
Yredelemnul
Zin
The Shining One

Annotations:
D:7 mg7810's ghost, novice DDFi


Message History

* * * LOW HITPOINT WARNING * * *
The centaur zombie hits you.
* * * LOW HITPOINT WARNING * * *
You slash mg7810's ghost!
Mg7810's ghost is moderately damaged.
You miss the spriggan baker. You slash the centaur zombie!
Mg7810's ghost closely misses you.
The centaur zombie hits you but does no damage.
The spriggan baker closely misses you. Mg7810's ghost hits you!
* * * LOW HITPOINT WARNING * * *
Uskayaw will force your foes to share their pain.
Uskayaw links your audience in an emotional bond!
You slash mg7810's ghost!
You destroy the centaur zombie!
Your Fighting skill increases to level 4!
Your Invocations skill increases to level 2!
Mg7810's ghost is heavily damaged.
You barely miss the spriggan baker.
The spriggan baker hits you with a dagger!
You die...

# # #.##. #....
.... .... ##### #
.....
###########.#####
.....
...%...W@.#......
.....
......†i.........
.....
.....####.######
##### .... #.# ..
.. #.# ...
#.################
#.................
##################
...


You could see a spriggan baker and mg7810's ghost.

Vanquished Creatures
  The ghost of mynametaken the Conjurer, an amateur DECj (D:3)
  A black bear (D:5)
  2 orc warriors (D:6)
  2 ogres
  A centaur (D:5)
  A bullfrog (D:7)
  A scorpion (D:6)
  A howler monkey (D:4)
  A centaur zombie (D:7)
  A crimson imp (D:5)
  2 orc wizards (D:6)
  2 hounds
  A jelly (D:7)
  Crazy Yiuf (D:5)
  An orc priest (D:6)
  A centaur skeleton (D:5)
  3 worker ants
  A hound zombie (D:5)
  Robin (D:4)
  A worker ant zombie (D:6)
  3 gnolls (D:4)
  10 adders
  A shadow imp (D:6)
  An ooze (D:1)
  2 worms
  2 dart slugs
  A leopard gecko (D:5)
  12 orcs
  6 bats
  6 giant cockroaches
  19 goblins
  12 hobgoblins
  12 jackals
  2 quokkas
  A ball python (D:2)
  4 frilled lizards
  6 kobolds
  9 rats
135 creatures vanquished.

Notes
Turn   | Place    | Note
-------+----------+-------------------------------------------
     0 | D:1      | Da5id the Hill Orc Fighter began the quest for the Orb.
     0 | D:1      | Reached XP level 1. HP: 19/19 MP: 1/1
    49 | D:1      | Reached skill level 3 in Axes
   139 | D:1      | Reached XP level 2. HP: 21/26 MP: 2/2
   226 | D:1      | Reached skill level 4 in Axes
   505 | D:1      | Reached XP level 3. HP: 31/31 MP: 3/3
   878 | D:2      | Reached skill level 5 in Axes
   976 | D:2      | Reached XP level 4. HP: 31/39 MP: 4/4
  1413 | D:3      | Reached skill level 6 in Axes
  1564 | D:3      | Noticed mynametaken's ghost (amateur DECj)
  1575 | D:3      | Killed mynametaken's ghost
  1575 | D:3      | Reached skill level 7 in Axes
  1575 | D:3      | Reached XP level 5. HP: 36/45 MP: 5/5
  2008 | D:4      | Reached skill level 8 in Axes
  2008 | D:4      | Reached XP level 6. HP: 49/51 MP: 6/6
  2255 | D:4      | Noticed Robin
  2263 | D:4      | Killed Robin
  2379 | D:4      | Reached skill level 9 in Axes
  2972 | D:5      | Entered Level 5 of the Dungeon
  3038 | D:5      | Noticed a black bear
  3048 | D:5      | Killed a black bear
  3048 | D:5      | Reached skill level 10 in Axes
  3048 | D:5      | Reached XP level 7. HP: 52/57 MP: 7/7
  3500 | D:5      | Reached skill level 11 in Axes
  3540 | D:5      | Found a runed door.
  3864 | D:5      | Noticed Crazy Yiuf
  3870 | D:5      | Killed Crazy Yiuf
  3960 | D:6      | Reached XP level 8. HP: 45/64 MP: 8/8
  4127 | D:6      | Reached skill level 12 in Axes
  4757 | D:6      | Found a staircase to the Ecumenical Temple.
  4859 | Temple   | Entered the Ecumenical Temple
  4950 | Temple   | Became a worshipper of Uskayaw the Reveler
  5092 | D:7      | Reached * piety under Uskayaw
  5112 | D:7      | Reached ** piety under Uskayaw
  5417 | D:7      | Noticed a spriggan baker
  5418 | D:7      | Noticed mg7810's ghost (novice DDFi)
  5419 | D:7      | Reached skill level 13 in Axes
  5419 | D:7      | Reached skill level 1 in Invocations
  5423 | D:7      | Reached *** piety under Uskayaw
  5427 | D:7      | Reached **** piety under Uskayaw
  5428 | D:7      | Slain by a spriggan baker

Vault maps used:
D:1:      doesnt_arrival_eight_statues
D:2:      hex_medium
D:3:      minivault_27, kennysheep_generic_room_3
D:4:      kennysheep_goblin_castle
D:5:      first_bread, amethyst_killhole, uniq_crazy_yiuf_cottage
D:7:      the_bakery, nicolae_qazlal_eye_of_the_storm
Temple:   minmay_crystal_snake_temple

Skill      XL: |  1  2  3  4  5  6  7  8 |
---------------+-------------------------+-----
Axes           | 3 4 5 7 8 10 11 13 | 13.1
Invocations    | 2 |  2.0
Fighting       | 4 |  4.1
Armour         | |  3.2
Shields        | |  3.2

Action                   |  1- 3 |  4- 6 |  7- 9 || total
-------------------------+-------+-------+-------++-------
Melee: War axe           |   106 |   169 |    75 ||   350
       Battleaxe         |       |       |    83 ||    83
  Use: Potion            |       |       |     1 ||     1
  Eat: Chunk             |       |     6 |     6 ||    12
       Royal jelly       |       |       |     1 ||     1
Armor: Scale mail        |    57 |    87 |       ||   144
       Ring mail         |       |     8 |    83 ||    91
Dodge: Dodged            |    37 |    47 |    58 ||   142
Block: Shield            |    58 |    84 |    22 ||   164
